 Dungeon Crawl Stone Soup version 0.28.0 (webtiles) character file.

Game seed: 3098155060730896113

104 HallandMoats the Skirmisher (level 4, -3/35 HPs)
             Began as a Demonspawn Fighter on Feb 6, 2022.
             Killed by divine providence
             ... invoked by an orc priest
              (9 damage)
             ... on level 3 of the Dungeon.
             The game lasted 00:01:55 (2672 turns).

HallandMoats the Skirmisher (Demonspawn Fighter)    Turns: 2672, Time: 00:01:55

Health: -3/35      AC:  6    Str: 18    XL:     4   Next: 52%
Magic:  5/5        EV:  9    Int: 10    God:
Gold:   74         SH:  4    Dex: 12    Spells: 3/3 levels left

rFire   . . .      SeeInvis .   b - +0 dagger (venom)
rCold   . . .      Faith    .   c - +0 buckler
rNeg    . . .      Spirit   .   o - +0 scale mail
rPois   .          Reflect  .   (helmet restricted)
rElec   .          Harm     .   (no cloak)
rCorr   .          Rampage  .   (no gloves)
Will    .....                   (no boots)
Stlth   ..........              (no amulet)
HPRegen 0.11/turn               (no ring)
MPRegen 0.09/turn               (no ring)

@: no status effects
A: antennae 1
a: no special abilities


You were on level 3 of the Dungeon.
You visited 1 branch of the dungeon, and saw 3 of its levels.

You collected 74 gold pieces.

Inventory:

Hand Weapons
 a - a +0 war axe
 b - a +0 dagger of venom (weapon)
Armour
 c - a +0 buckler (worn)
 o - a +0 scale mail (worn)
Jewellery
 m - a +6 ring of intelligence
Scrolls
 f - a scroll of holy word {unknown}
 h - a scroll of vulnerability {unknown}
 j - 4 scrolls of fear {unknown}
 k - a scroll of identify {unknown}
 l - a scroll of enchant weapon {unknown}
 p - a scroll of blinking {unknown}
Potions
 d - a potion of might
 e - a potion of haste {unknown}
 g - 4 potions of flight {unknown}
 i - 2 potions of curing {unknown}
 n - a potion of degeneration {unknown}


   Skills:
 * Level 3.5 Fighting
 * Level 2.5 Axes
 + Level 3.0 Armour
 + Level 1.2 Dodging
 + Level 3.0 Shields
 * Level 2.3 Invocations


You had 3 spell levels left.
You didn't know any spells.
Your spell library was empty.

Dungeon Overview and Level Annotations

Branches:
Dungeon (3/15)

Altars:
Ru

Shops:
D:1 [


Innate Abilities, Weirdness & Mutations

You have a pair of small antennae on your head.


Message History

The endoplasm hits you.
You hit the endoplasm but do no damage.
The endoplasm is lightly wounded.
The endoplasm barely misses you.
You hit the endoplasm.
You kill the endoplasm!
No target in view!
No target in view!
A bat and an orc priest come into view.
The orc priest miscasts a cantrip.
There are monsters nearby!
There are monsters nearby!
There are monsters nearby!
There are monsters nearby!
There are monsters nearby!
There are monsters nearby!
An orc priest comes into view. It is wielding a +3 short sword.
The orc priest shouts!
The bat barely misses you.
Found a scroll labelled QIOF YSTIJ.
You block the bat's attack.
The orc priest casts a cantrip, but nothing happens.
You hit the bat but do no damage.
The bat is poisoned.
You block the bat's attack.
An orc comes into view. It is wielding a +0 short sword.
The bat hits you but does no damage.
The orc priest calls down the wrath of Beogh upon you.
Beogh smites you!
The orc priest invokes the aid of Beogh against you.
Beogh smites you! The bat hits you but does no damage.
The orc priest miscasts a cantrip.
You kill the bat!
The orc priest invokes the aid of Beogh against you.
Beogh smites you!
* * * LOW HITPOINT WARNING * * *
The orc priest looks satisfied for a moment.
There is a stone staircase leading up here.
The orc priest mumbles some strange prayers to Beogh against you.
Beogh smites you!
You die...

#.# #.# #.# #.# #.# #.#
#.######### #.# #.#
#.#....o.o. #.# #.#
#.#o####### #.# #.#
#.#.# #.######## #.#
#.#.# #........# #.#
##.#.#
########.###@#####....#
#.......o..o...# ###
###...#####...## ..#
#.### ###.# #.# ##.##
#.# #.## ####...####
#.# #..###.........#
#.# ##...##.##...##.##
#.#
##<....#.###.##...##
#.#


You could see an orc priest and an orc.

Vanquished Creatures
  A hound (D:3)
  5 adders
  A dart slug (D:3)
  5 bats
  6 endoplasms
  A giant cockroach (D:3)
  A hobgoblin (D:1)
  2 ball pythons
  2 frilled lizards
  4 goblins
  4 kobolds
  2 rats
34 creatures vanquished.

Notes
Turn   | Place    | Note
-------+----------+-------------------------------------------
     0 | D:1      | HallandMoats the Demonspawn Fighter began the quest for the
                  | Orb.
     0 | D:1      | Reached XP level 1. HP: 18/18 MP: 1/1
    85 | D:1      | Found Tunuwoza's Armour Boutique.
   240 | D:1      | Found a faded altar of an unknown god.
   501 | D:1      | Discovered your monstrous ancestry.
   501 | D:1      | Gained mutation: You have a pair of small antennae on your
                  | head. [demonic ancestry]
   501 | D:1      | Reached XP level 2. HP: 20/24 MP: 2/2
   729 | D:1      | Reached skill level 1 in Invocations
  1071 | D:2      | Found a sacrificial altar of Ru.
  1091 | D:2      | Reached XP level 3. HP: 29/29 MP: 2/4
  1637 | D:2      | Reached skill level 1 in Dodging
  2035 | D:3      | Reached XP level 4. HP: 35/35 MP: 5/5
  2672 | D:3      | Killed from afar by an orc priest

Illustrated notes

Levels and vault maps discovered:
D:1:      dpeg_arrival_round_c, layout_basic, serial_shops,
          nicolae_shop_crystal, chequers_ecumenical_altar_simple,
          minmay_misc_feat_x
D:2:      layout_loops_ring, basic_altar
D:3:      layout_loops_ring, uniq_grinder

Skill      XL: |  1  2  3  4 |
---------------+-------------+-----
Axes           | 2 |  2.5
Invocations    | 1 2 |  2.3
Dodging        | 1 |  1.2
Armour         | 3 |  3.0
Shields        | 3 |  3.0
Fighting       | |  3.5

Action                   |  1- 3 |  4- 6 || total
-------------------------+-------+-------++-------
Melee: War axe           |    79 |     8 ||    87
       Dagger            |       |    29 ||    29
Armor: Scale mail        |    40 |    19 ||    59
Dodge: Dodged            |    35 |    12 ||    47
Block: Buckler           |    19 |     9 ||    28
